 Dungeon Crawl Stone Soup version 0.30.0-10-gfe55d96785 (webtiles) character file.

Game seed: 16601470879114824998

18 hawla the Grave Robber (level 3, -5/26 HPs)
             Began as a Meteoran Necromancer on May 14, 2023.
             Slain by an ogre
             ... wielding a +0 giant club
              (19 damage)
             ... on level 3 of the Dungeon.
             The game lasted 00:02:30 (353 turns).

hawla the Grave Robber (Meteoran Necromancer)        Turns: 353, Time: 00:02:32

Health: -5/26      AC:  2    Str:  9    XL:     3   Next: 8%
Magic:  7/8        EV: 12    Int: 19    God:
Gold:   40         SH:  0    Dex: 14    Spells: 4/8 levels left

rFire   . . .        (no weapon)
rCold   . . .        (no shield)
rNeg    . . .        a - +0 robe
rPois   .            (no helmet)
rElec   .            (no cloak)
rCorr   .            (no gloves)
SInv    .            (no boots)
Will    .....        (no amulet)
Stlth   +            (no ring)
HPRegen 0.24/turn    (no ring)
MPRegen 0.11/turn

%: no passive effects
@: glowing
A: sense surroundings 1, otherworldly, glowing, explore regen
a: no special abilities


You were on level 3 of the Dungeon.
You visited 1 branch of the dungeon, and saw 3 of its levels.

You collected 40 gold pieces.

Inventory:

Armour
 a - a +0 robe (worn)
Scrolls
 c - a scroll of enchant armour {unknown}
 d - a scroll of magic mapping {unknown}
 f - 2 scrolls of poison
Potions
 e - a potion of curing {unknown}


   Skills:
 + Level 2.4 Dodging
 - Level 1.4 Stealth
 + Level 3.0 Spellcasting
 + Level 5.0 Necromancy


You had 4 spell levels left.
You knew the following spells:

 Your Spells              Type           Power      Damage    Failure   Level
a - Necrotise             Necr           88%        1d8       1%          1
b - Vampiric Draining     Necr           22%        2d7       6%          3

Your spell library contained the following spells:

 Spells                   Type           Power      Damage    Failure   Level
 Animate Dead             Necr           22%        N/A       19%         4
 Agony                    Necr           22%        N/A       47%         5


Dungeon Overview and Level Annotations

Branches:
Dungeon (3/15) Zot: 1446

Altars:


Innate Abilities, Weirdness & Mutations

You passively map a small area around you.
You are easily found by Zot.
You glow in the dark.
You regain HP and MP as you explore.


Message History

Unknown command.
Casting: Necrotise (safe; 1% risk of failure)
Confirm with . or Enter, or press ? or * to list all spells.
The spell is quite dangerous to miscast (6% risk of failure)!
Continue anyway?
Aiming: Vampiric Draining (quite dangerous; 6% risk of failure)
Press: ? - help, Shift-Dir - straight line, f/p - ogre
Aim: an ogre, wielding a +0 giant club (moderately wounded)
You draw life force from the ogre.
Unknown command.
Casting: Vampiric Draining (quite dangerous; 6% risk of failure)
Confirm with . or Enter, or press ? or * to list all spells.
Aiming: Necrotise (safe; 1% risk of failure)
Press: ? - help, Shift-Dir - straight line, f/p - ogre
Aim: an ogre, wielding a +0 giant club (heavily wounded, chance to affect: 81%)
The ogre writhes in agony.
The ogre closely misses you.
Unknown command.
Casting: Necrotise (safe; 1% risk of failure)
Confirm with . or Enter, or press ? or * to list all spells.
Aiming: Necrotise (safe; 1% risk of failure)
Press: ? - help, Shift-Dir - straight line, f/p - ogre
Aim: an ogre, wielding a +0 giant club (severely wounded, chance to affect: 81%)
The ogre writhes in agony.
The ogre misses you.
Unknown command.
Casting: Necrotise (safe; 1% risk of failure)
Confirm with . or Enter, or press ? or * to list all spells.
Aiming: Necrotise (safe; 1% risk of failure)
Press: ? - help, Shift-Dir - straight line, f/p - ogre
Aim: an ogre, wielding a +0 giant club (almost dead, chance to affect: 81%)
The ogre barely resists.
Unknown command.
Magic courses through your body. The ogre hits you with a +0 giant club!
Casting: Necrotise (safe; 1% risk of failure)
Confirm with . or Enter, or press ? or * to list all spells.
Aiming: Necrotise (safe; 1% risk of failure)
Press: ? - help, Shift-Dir - straight line, f/p - ogre
Aim: an ogre, wielding a +0 giant club (almost dead, chance to affect: 81%)
The ogre writhes in agony.
The ogre hits you with a +0 giant club!!
Ouch! That really hurt!
You die...

* , * ## * ##### ,.#
~ , * #...#####.##~
#.......... ~
######........# * ,
#.............###~
#.....##.....@..# ,
#.....##.....O..# ~ ,
~ ~ #.....##........#
~ #.....#######...###
#.....# #(....#
#.....# #.....#*
###.....#### #......+
#............#......#
*
####'#######.#/######


You could see an ogre.

Vanquished Creatures
  An adder (D:3)
  An endoplasm (D:2)
  A hobgoblin (D:3)
  A quokka (D:2)
  A frilled lizard (D:2)
  2 goblins
  A kobold (D:1)
  A rat (D:3)
9 creatures vanquished.

Vanquished Creatures (collateral kills)
  A rat (D:1)
1 creature vanquished.

Grand Total: 10 creatures vanquished

Notes
Turn   | Place    | Note
-------+----------+-------------------------------------------
     0 | D:1      | hawla the Meteoran Necromancer began the quest for the Orb.
     0 | D:1      | Reached XP level 1. HP: 14/14 MP: 5/5
   133 | D:2      | Reached XP level 2. HP: 8/20 MP: 3/6
   307 | D:3      | Reached skill level 5 in Necromancy
   307 | D:3      | Reached XP level 3. HP: 20/26 MP: 3/8
   316 | D:3      | Noticed an ogre
   337 | D:3      | Learned a level 3 spell: Vampiric Draining
   353 | D:3      | Slain by an ogre

Illustrated notes

Levels and vault maps discovered:
D:1:      nagdon_arrival_double_spiral, layout_loops_ring,
          shapermc_ecumenical_altar_gd
D:2:      layout_basic, serial_aquarium, aquarium_bridge_straight
          [aquarium_subvault_bridge, aquarium_subvault_wall,
          aquarium_subvault_bridge, aquarium_subvault_wall],
          aquarium_bridge_island_small [aquarium_subvault_small_water,
          aquarium_subvault_bridge, aquarium_subvault_balcony,
          aquarium_subvault_wall, aquarium_subvault_wall], aquarium_window_1,
          aquarium_window_fake, aquarium_window_corner, aquarium_window_3,
          aquarium_view_2e, serial_bayou_pond_e, minivault_24, uniq_jessica
D:3:      layout_basic, kennysheep_generic_room_4

Skill      XL: |  1  2 |
---------------+-------+-----
Spellcasting   | 3 |  3.0
Necromancy     | 5 |  5.0
Dodging        | |  2.4
Stealth        | |  1.4

Action                     || total
---------------------------++-------
  Melee: Unarmed           ||    11
         Punch             ||     1
   Cast: Necrotise         ||    22
         Vampiric Draining ||     1
    Use: Scroll            ||     1
         Potion            ||     1
 Armour: Robe              ||     1
  Dodge: Dodged            ||    18
